 Dungeon Crawl Stone Soup version 0.25-a0-294-gea9b1ad378 (webtiles) character file.

Game seed: 17726774696412985993, levelgen mode: deterministic

9566 Faustar the Fighter (level 11, -1/139 HPs)
             Began as a Barachi Fighter on Dec 19, 2019.
             Was an Elder of Okawaru.
             Slain by a spiny frog (16 damage)
             ... on level 2 of the Lair of Beasts.
             The game lasted 00:25:08 (14024 turns).

Faustar the Fighter (Barachi Fighter)              Turns: 14024, Time: 00:25:09

Health: -1/139     AC: 13    Str: 24 (25) XL:     11   Next: 48%
Magic:  11/11      EV:  9    Int:  7 (9)  God:    Okawaru [****..]
Gold:   759        SH:  0    Dex:  9 (12) Spells: 10/10 levels left

rFire    + . .     SeeInvis .   a - +1 long sword
rCold    . . .     Gourm    .   c - +0 shield
rNeg     . . .     Faith    .   b - +0 scale mail
rPois    .         Spirit   .   o - +0 helmet
rElec    .         Reflect  .   (no cloak)
rCorr    .         Harm     .   (no gloves)
MR       .....                  (no boots)
Stlth    ..........             g - amulet of rage
HPRegen  0.33/turn              d - +3 ring of protection
MPRegen  0.12/turn              h - ring of protection from fire

@: confused, berserking, lethally poisoned (-1 -> -20), quick
A: +LOS, swims, slowness 1, wild magic 2, strong legs 1
a: Hop, Heroism, Renounce Religion, Evoke Berserk Rage


You were on level 2 of the Lair of Beasts.
You worshipped Okawaru.
Okawaru was greatly pleased with you.
You were not hungry.

You visited 3 branches of the dungeon, and saw 12 of its levels.

You collected 759 gold pieces.

Inventory:

Hand Weapons
 a - a +1 long sword (weapon)
 w - the +3 Elemental Staff {rElec rF++ rC++ MR++ AC+5}
   (You found it on level 6 of the Dungeon)

   It affects your AC (+5).
   It greatly protects you from fire.
   It greatly protects you from cold.
   It insulates you from electricity.
   It affects your resistance to hostile enchantments.
Armour
 b - a +0 scale mail (worn)
 c - a +0 shield (worn)
 o - a +0 helmet (worn)
Jewellery
 d - a +3 ring of protection (left hand)
 g - an amulet of rage (around neck)
 h - a ring of protection from fire (right hand)
 l - an uncursed ring of magical power
 C - an uncursed ring of protection from fire
 E - an uncursed ring of flight
Wands
 x - a wand of random effects (5)
Scrolls
 e - 9 scrolls of identify
 i - 2 scrolls of remove curse
 m - 2 scrolls of enchant armour {unknown}
 p - 2 scrolls of amnesia {unknown}
 r - a scroll of teleportation
 v - a scroll of noise {unknown}
 y - a scroll of holy word {unknown}
 A - a scroll of fog {unknown}
 D - a scroll of immolation {unknown}
 F - a scroll of enchant weapon
Potions
 j - 2 potions of brilliance
 k - 2 potions of agility {unknown}
 n - a potion of flight
 t - 2 potions of might
 u - a potion of resistance
Comestibles
 f - 17 rations
 B - 6 chunks of flesh


   Skills:
 + Level 11.1 Fighting
 + Level 10.8 Long Blades
 + Level 11.1 Armour
 + Level 10.2 Shields


You had 10 spell levels left.
You didn't know any spells.
Your spell library contained the following spells:

 Spells                   Type           Power        Failure   Level  Hunger
 Foxfire                  Conj/Fire      #...         95%         1    ##.....
 Shock                    Conj/Air       #...         95%         1    ##.....
 Swiftness                Chrm/Air       #.......     98%         2    ###....
 Conjure Flame            Conj/Fire      #.......     100%        3    ####...
 Inner Flame              Hex/Fire       #.......     100%        3    ####...
 Static Discharge         Conj/Air       #.......     100%        3    ####...
 Airstrike                Air            #.........   100%        4    #####..
 Sticky Flame             Conj/Fire      #.......     100%        4    #####..
 Fireball                 Conj/Fire      #.........   100%        5    ######.
 Lightning Bolt           Conj/Air       #.........   100%        5    ######.


Dungeon Overview and Level Annotations

Branches:
Dungeon (9/15)             Temple (1/1) D:6            Lair (2/6) D:9
  Swamp: Lair:2-4    Shoals: Lair:2-4     Snake: Lair:2-4    Spider: Lair:2-4
    Orc: D:9-12

Altars:
Ashenzari
Cheibriados
Dithmenos
Elyvilon
Fedhas
Gozag
Hepliaklqana
Kikubaaqudgha
Makhleb
Nemelex Xobeh
Okawaru
Qazlal
Ru
Sif Muna
Trog
Uskayaw
Vehumet
Wu Jian
Xom
Yredelemnul
Zin
The Shining One
Jiyva

Shops:
D:4 [

Annotations:
D:9 Grum, Psyche


Innate Abilities, Weirdness & Mutations

You can be seen from farther away. (+LOS)
You can swim through water.
You cover ground slowly.
You can hop short distances.
Your spells are harder to cast, but more powerful.


Message History

You feel sick. The wolf completely misses you. The spiny frog stings you.
* * * LOW HITPOINT WARNING * * *
You are lethally poisoned!
The spiny frog poisons you! The wolf bites you but does no damage.
It was a potion of berserk rage.
A red film seems to cover your vision as you go berserk!
You feel yourself moving faster!
You feel mighty!
* * * LOW HITPOINT WARNING * * *
You feel very sick. The wolf bites you but does no damage.
The spiny frog stings you but does no damage.
You feel a strong urge to attack something.
* * * LOW HITPOINT WARNING * * *
You feel sick. The spiny frog stings you.
* * * LOW HITPOINT WARNING * * *
You slash the spiny frog!
The spiny frog is almost dead.
* * * LOW HITPOINT WARNING * * *
You feel sick. The spiny frog stings you!
You die...

# #### #.#.# ###
##.P###......
#h###.....$.# ###
#@h†h.....#..hh.h
##.###FP#...#.#..#.#.h
#<..##.##...P.#..#
#.#..÷.............
#....#..#.P....P...#
#.†###..##.........#
####.###..##.##..P##.#
#....>...>##.##F.## ..
#.....P.#.##.# ..#


You could see a spiny frog and 3 wolves.

Vanquished Creatures
  Harold (D:7)
  A two-headed ogre (D:8)
  Pikel (D:6)
  A spiny frog (Lair:1)
  A troll (D:9)
  4 blink frogs (Lair:1)
  A hippogriff (D:7)
  10 yaks (Lair:1)
  A basilisk (Lair:2)
  3 water moccasins (Lair:1)
  An orc warrior (D:7)
  2 porcupines (Lair:1)
  An ice beast (D:5)
  3 slaves (D:6)
  A necrophage (D:5)
  2 black bears
  A phantom (D:7)
  3 ogres
  8 wolves
  4 centaurs
  2 crocodiles
  2 big kobolds
  Blork the orc (D:4)
  6 bullfrogs
  6 scorpions
  2 electric eels (D:9)
  A howler monkey (D:5)
  4 crimson imps
  2 bullfrog zombies
  5 hounds
  2 jellies
  6 orc priests
  2 bullfrog skeletons
  A centaur skeleton (D:7)
  2 iguanas (D:5)
  5 orc wizards
  6 worker ants
  2 hound zombies
  A howler monkey zombie (D:9)
  Robin (D:2)
  8 gnolls
  9 adders
  3 river rats (D:5)
  A shadow imp (D:5)
  An ooze (D:1)
  An adder skeleton (D:5)
  3 dart slugs
  5 leopard geckos
  21 orcs
  7 giant cockroaches
  14 goblins
  16 hobgoblins
  5 jackals
  11 kobolds
  3 quokkas
  2 ball pythons (D:4)
  6 bats
  4 frilled lizards
  8 rats
  A fungus (D:5)
238 creatures vanquished.

Vanquished Creatures (others)
  7 fungi
  3 toadstools (D:5)
10 creatures vanquished.

Grand Total: 248 creatures vanquished

Notes
Turn   | Place    | Note
-------+----------+-------------------------------------------
     0 | D:1      | Faustar the Barachi Fighter began the quest for the Orb.
     0 | D:1      | Reached XP level 1. HP: 18/18 MP: 1/1
   185 | D:1      | Reached XP level 2. HP: 24/25 MP: 2/2
   514 | D:1      | Reached XP level 3. HP: 26/30 MP: 3/3
  1061 | D:2      | Noticed Robin
  1454 | D:2      | Reached XP level 4. HP: 35/37 MP: 4/4
  1457 | D:2      | Killed Robin
  1660 | D:2      | Found a radiant altar of Vehumet.
  1661 | D:2      | Found a shimmering altar of Xom.
  1661 | D:2      | Found a burning altar of Makhleb.
  1662 | D:2      | Found a hide-covered altar of Uskayaw.
  1769 | D:2      | Found a white marble altar of Elyvilon.
  1780 | D:2      | Found a shadowy altar of Dithmenos.
  2160 | D:3      | Reached XP level 5. HP: 40/43 MP: 5/5
  2687 | D:3      | You fall into a shaft and drop 3 floors!
  2688 | D:6      | Found a basalt altar of Yredelemnul.
  2755 | D:6      | Found an ornate altar of the Wu Jian Council.
  2758 | D:5      | Entered Level 5 of the Dungeon
  2888 | D:5      | Gained mutation: Your spells are a little harder to cast,
                  | but a little more powerful. [potion of mutation]
  2888 | D:5      | Gained mutation: You evolve. [potion of mutation]
  3080 | D:4      | Found Ybleibe's Antique Armour Shoppe.
  3092 | D:4      | Noticed Blork the orc
  3206 | D:3      | You fall into a shaft and drop 2 floors!
  3247 | D:5      | Reached skill level 5 in Armour
  3337 | D:5      | Reached skill level 5 in Fighting
  3337 | D:5      | Reached XP level 6. HP: 46/51 MP: 6/6
  3436 | D:5      | Noticed an ice beast
  4299 | D:4      | Reached skill level 5 in Shields
  4299 | D:4      | Reached XP level 7. HP: 17/56 MP: 7/7
  4601 | D:4      | Killed Blork the orc
  4745 | D:4      | Gained mutation: Your spells are harder to cast, but more
                  | powerful. [evolution]
  4745 | D:4      | Lost mutation: You evolve. [end of evolution]
  4868 | D:4      | Found a hazy altar of Hepliaklqana.
  4902 | D:4      | Found a glowing silver altar of Zin.
  5136 | D:4      | Found a blossoming altar of Fedhas.
  5139 | D:4      | Found an ancient bone altar of Kikubaaqudgha.
  5180 | D:4      | Reached skill level 5 in Long Blades
  5462 | D:4      | Noticed a troll
  5986 | D:5      | Reached XP level 8. HP: 59/65 MP: 8/8
  7185 | D:6      | Found the +3 Elemental Staff {rElec rF++ rC++ MR++ AC+5}
  7277 | D:6      | Reached XP level 9. HP: 65/72 MP: 9/9
  7536 | D:6      | Found a staircase to the Ecumenical Temple.
  7623 | Temple   | Entered the Ecumenical Temple
  7734 | Temple   | Became a worshipper of Warmaster Okawaru
  7790 | D:7      | Noticed Pikel
  8001 | D:6      | Killed Pikel
  8110 | D:7      | Reached * piety under Okawaru
  8267 | D:7      | Noticed Harold
  8284 | D:7      | Killed Harold
  8284 | D:7      | Reached XP level 10. HP: 39/83 MP: 10/10
  9620 | D:8      | Noticed a two-headed ogre
  9939 | D:8      | Killed a two-headed ogre
  9939 | D:8      | Reached ** piety under Okawaru
 10007 | D:8      | Found a blossoming altar of Fedhas.
 10065 | D:8      | Found a shimmering blue altar of Sif Muna.
 10193 | D:9      | Noticed Grum
 10195 | D:9      | Noticed Psyche
 10466 | D:9      | Reached skill level 10 in Armour
 10659 | D:8      | Reached skill level 10 in Fighting
 10735 | D:9      | Found a staircase to the Lair.
 10995 | Lair:1   | Entered Level 1 of the Lair of Beasts
 11427 | Lair:1   | Reached *** piety under Okawaru
 11427 | Lair:1   | Reached skill level 10 in Long Blades
 11442 | Lair:1   | HP: 2/86 [yak (10)]
 11472 | Lair:1   | Reached XP level 11. HP: 8/92 MP: 11/11
 12832 | Lair:1   | Reached **** piety under Okawaru
 13068 | D:9      | Reached skill level 10 in Shields
 14024 | Lair:2   | Slain by a spiny frog

Levels and vault maps discovered:
D:1:      lightli_arrival_isolated_outpost, layout_basic
D:2:      layout_basic, grunt_dithmenos_smoke_and_mirrors, elyvilon_altar_5,
          chequers_temple_overflow_statue_of_worship, first_ration, uniq_robin
D:3:      layout_loops_ring
D:4:      layout_loops_ring, grunt_temple_overflow_growth_and_decay,
          kennysheep_mini, old_standard_altar, serial_shops, shop, serial_glass,
          glass_columns_b, glass_columns_b, feat_on_display,
          lightli_corner_chamber, uniq_blork_the_orc
D:5:      layout_loops_ring, gup_sewer_entry_bubbles,
          ebering_dispersal_statue_hall, minmay_gold_behind_fungi
D:6:      layout_loops_ring, lemuel_coloured_pillars_altar,
          lemuel_crystal_altar, minmay_temple_entry_nine_rooms
D:7:      layout_loops_corners, uniq_harold, uniq_pikel
D:8:      layout_rooms, led_sif_pool, fedhas_altar_2
D:9:      layout_small_grid, erik_lair_island, blue_anna_alchemist
          [blue_anna_fruit_fields, blue_anna_fruit_fields], uniq_psyche,
          uniq_erica, uniq_grum
Temple:   pf_slime_end_temple
Lair:1:   layout_roguey, chequers_serial_rivers_micro_b,
          chequers_serial_rivers_micro_e, grunt_megastairs_4
Lair:2:   layout_loops_ring, worms_lemuel

Skill      XL: |  1  2  3  4  5  6  7  8  9 10 11 |
---------------+----------------------------------+-----
Fighting       | 4 5 6 7 9 10 11 | 11.1
Armour         | 4 5 6 7 9 10 11 | 11.1
Long Blades    | 3 4 5 7 8 10 | 10.8
Shields        | 4 5 6 8 9 10 | 10.2

Action                   |  1- 3 |  4- 6 |  7- 9 | 10-12 || total
-------------------------+-------+-------+-------+-------++-------
Melee: Long sword        |   122 |   266 |   436 |   479 ||  1303
Invok: Heroism           |       |       |       |     1 ||     1
 Abil: Hop               |       |     4 |     1 |     4 ||     9
       Evoke Berserk Rag |       |       |       |     1 ||     1
Evoke: Wand              |       |       |     1 |    19 ||    20
  Use: Potion            |     2 |     7 |       |     4 ||    13
       Scroll            |       |    10 |       |     1 ||    11
 Stab: Paralysed         |       |       |       |    13 ||    13
  Eat: Chunk             |     2 |    11 |     9 |    16 ||    38
       Ration            |       |       |     2 |     1 ||     3
Armor: Scale mail        |    74 |   178 |   191 |   174 ||   617
Dodge: Dodged            |    46 |   112 |    96 |   130 ||   384
Block: Shield            |    59 |   207 |   205 |   306 ||   777
       Rpst.: Long sword |    12 |    24 |    21 |    30 ||    87

Table legend:
 A = Non-vault XP
 B = Vault XP
 C = Vault XP percentage of total XP
 D = Non-vault monster count
 E = Vault monster count
 F = Vault count percentage of total count
                 A         B        C        D         E       F
            +---------+---------+-------+---------+---------+-------
      Total |   10444 |    3223 |  23.6 |     200 |      34 |  14.5
            +---------+---------+-------+---------+---------+-------
        D:1 |      41 |       0 |   0.0 |      21 |       0 |   0.0
        D:2 |      85 |      19 |  18.3 |      25 |       3 |  10.7
        D:3 |     104 |      15 |  12.6 |      21 |       8 |  27.6
        D:4 |     412 |      90 |  17.9 |      16 |       1 |   5.9
        D:5 |     804 |      62 |   7.2 |      21 |       8 |  27.6
        D:6 |    1000 |     663 |  39.9 |      25 |       1 |   3.8
        D:7 |    1098 |     981 |  47.2 |      14 |       1 |   6.7
        D:8 |    1581 |     227 |  12.6 |      20 |       2 |   9.1
        D:9 |     278 |     876 |  75.9 |       6 |       8 |  57.1
     Lair:1 |    4312 |     290 |   6.3 |      25 |       2 |   7.4
     Lair:2 |     729 |       0 |   0.0 |       6 |       0 |   0.0
            +---------+---------+-------+---------+---------+-------
